 Dungeon Crawl Stone Soup version 0.26-a0-317-ge2f3d4a7ca (webtiles) character file.

Game seed: 6317262262076247596

648 MrRokkomies the Sneak (level 7, -3/32 HPs)
             Began as a Spriggan Venom Mage on July 16, 2020.
             Was a Follower of Sif Muna.
             Splashed by a jelly's acid (5 damage)
             ... on level 5 of the Dungeon.
             The game lasted 00:12:20 (3893 turns).

MrRokkomies the Sneak (Spriggan Venom Mage)         Turns: 3893, Time: 00:12:20

Health: -3/32      AC: -4    Str:  6    XL:     7   Next: 27%
Magic:  18/21      EV: 21    Int: 17    God:    Sif Muna [*.....]
Gold:   226        SH:  0    Dex: 16    Spells: 5/11 levels left

rFire    . . .     SeeInvis +   a - +1 dagger (venom)
rCold    . . .     Faith    .   (shield restricted)
rNeg     . . .     Spirit   .   m - +1 robe {MR+}
rPois    .         Reflect  .   (helmet restricted)
rElec    .         Harm     .   t - +0 cloak
rCorr    .                      (gloves unavailable)
MR       ++...                  (boots unavailable)
Stlth    +++.......             k - amulet of regeneration
HPRegen  0.50/turn              e - ring of magical power
MPRegen  0.17/turn              (no ring)

@: corroded, very quick
A: very small, unfitting armour, see invisible, speed 3
a: Channel Magic, Renounce Religion


You were on level 5 of the Dungeon.
You worshipped Sif Muna.
Sif Muna was aware of your devotion.
You visited 1 branch of the dungeon, and saw 5 of its levels.

You collected 226 gold pieces.

Inventory:

Hand Weapons
 a - a +1 dagger of venom (weapon)
 b - a +1 dagger of holy wrath
Missiles
 h - 23 poisoned darts (quivered)
Armour
 m - a +1 robe of magic resistance (worn)
 t - a +0 cloak (worn)
Jewellery
 e - a ring of magical power (left hand)
 k - an amulet of regeneration (around neck)
Wands
 o - a wand of clouds (6)
 r - a wand of acid (11)
Scrolls
 f - 2 scrolls of amnesia
 i - a scroll of teleportation
 j - 4 scrolls of identify
 l - a scroll of fear
 q - a scroll of enchant weapon
 s - a scroll of remove curse
Potions
 c - a potion of degeneration {unknown}
 g - a potion of stabbing {unknown}
 n - a potion of might
 p - a potion of cancellation {unknown}


   Skills:
 + Level 5.3 Dodging
 + Level 5.8 Stealth
 - Level 2.6 Spellcasting
 - Level 4.0 Transmutations
 * Level 2.9 Air Magic
 * Level 5.4 Poison Magic


You had 5 spell levels left.
You knew the following spells:

 Your Spells              Type           Power        Failure   Level
a - Sting                 Tmut/Pois      ###.         2%          1
b - Poisonous Vapours     Pois/Air       ###...       4%          2
c - Ignite Poison         Fire/Tmut/Pois ##......     16%         3

Your spell library contained the following spells:

 Spells                   Type           Power        Failure   Level
 Mephitic Cloud           Conj/Pois/Air  ##......     17%         3
 Olgreb's Toxic Radiance  Pois           ###.....     19%         4


Dungeon Overview and Level Annotations

Branches:
Dungeon (5/15)
 Temple: D:4-7

Altars:
Fedhas
Makhleb
Qazlal
Sif Muna
Yredelemnul
Zin

Shops:
D:4 [

Annotations:
D:3 2 runed translucent doors, BritishOli's ghost, amateur DsGl


Innate Abilities, Weirdness & Mutations

You are very small and have problems with some larger weapons.
You are too small for most types of armour.
You have supernaturally acute eyesight. (SInv)
You cover ground extremely quickly.


Message History

No target in view!
The jelly jiggles.
You see here a wand of polymorph (9).
You hit the jelly.
Your hands burn!
The jelly is lightly wounded.
The jelly completely misses you.
You hit the jelly but do no damage. The acid corrodes you!
Your hands burn!
The jelly is lightly wounded.
The jelly hits you.
You are splashed with acid!
* * * LOW HITPOINT WARNING * * *
You hit the jelly.
The jelly is poisoned.
Your hands burn!
* * * LOW HITPOINT WARNING * * *
The jelly is lightly wounded.
The jelly misses you.
You hit the jelly.
Your hands burn!
* * * LOW HITPOINT WARNING * * *
The jelly is moderately wounded.
The jelly misses you.
You hit the jelly but do no damage. The acid corrodes you!
Your hands burn!
You die...

.. .## #.# ... ..#
#># ##.## #.# #.##
..... #.# #..
Z.....#.# #.#
......#.###.#
.._.........######
#....J@....#
#.###.####.#
#...#.#
##.####g.?#.#
.......J<.#.#
....###...#.# ..
#...#.. #)!.###
#...#


You could see a jelly (very poisoned).

Vanquished Creatures
  Sigmund (D:4)
  2 scorpions (D:4)
  2 centaur skeletons (D:4)
  3 orc priests
  3 orc wizards
  3 gnolls (D:5)
  5 adders
  An adder skeleton (D:4)
  A worm (D:3)
  A dart slug (D:1)
  4 leopard geckos
  10 orcs
  2 ball pythons
  7 giant cockroaches
  7 goblins
  5 hobgoblins
  A quokka (D:3)
  13 bats
  3 frilled lizards
  8 kobolds
  11 rats
93 creatures vanquished.

Notes
Turn   | Place    | Note
-------+----------+-------------------------------------------
     0 | D:1      | MrRokkomies the Spriggan Venom Mage began the quest for the
                  | Orb.
     0 | D:1      | Reached XP level 1. HP: 9/9 MP: 5/5
   186 | D:1      | Reached XP level 2. HP: 5/13 MP: 6/6
  1093 | D:1      | Reached XP level 3. HP: 11/16 MP: 8/8
  1389 | D:1      | Learned a level 2 spell: Poisonous Vapours
  1393 | D:1      | Learned a level 3 spell: Ignite Poison
  1657 | D:2      | Found a shimmering blue altar of Sif Muna.
  1660 | D:2      | Became a worshipper of Sif Muna the Loreminder
  1662 | D:2      | Found a blossoming altar of Fedhas.
  1847 | D:2      | Reached XP level 4. HP: 9/21 MP: 9/9
  2187 | D:3      | Found a basalt altar of Yredelemnul.
  2242 | D:3      | Found a large runed translucent door.
  2242 | D:3      | Found a large runed translucent door.
  2243 | D:3      | Noticed BritishOli's ghost (amateur DsGl)
  2687 | D:3      | Reached * piety under Sif Muna
  2698 | D:3      | Reached XP level 5. HP: 6/24 MP: 10/10
  3176 | D:4      | Noticed a water elemental
  3182 | D:4      | Noticed a fire elemental
  3215 | D:4      | Reached skill level 1 in Air Magic
  3313 | D:4      | Noticed Sigmund
  3314 | D:4      | Found a glowing silver altar of Zin.
  3331 | D:4      | Killed Sigmund
  3331 | D:4      | Reached skill level 5 in Stealth
  3331 | D:4      | Reached XP level 6. HP: 21/28 MP: 11/11
  3493 | D:4      | Reached skill level 5 in Dodging
  3493 | D:4      | Reached skill level 5 in Poison Magic
  3604 | D:4      | Reached XP level 7. HP: 24/32 MP: 12/12
  3746 | D:4      | Found a stormy altar of Qazlal.
  3749 | D:4      | Noticed an air elemental
  3815 | D:4      | Found Wualomp's Antique Armour Emporium.
  3861 | D:5      | Entered Level 5 of the Dungeon
  3877 | D:5      | Found a burning altar of Makhleb.
  3893 | D:5      | Splashed by a jelly's acid

Illustrated notes

Levels and vault maps discovered:
D:1:      lightli_arrival_statuegarden, layout_basic
D:2:      layout_rooms, minitemple, palyth_stone_intersect, supply_closet_lemuel
D:3:      layout_basic, lemuel_round_altar, ebering_ghost_disaster_area
D:4:      layout_rooms, zin_academy, nicolae_qazlal_style_of_elements,
          serial_shops, shop, hangedman_decor_riveting, uniq_sigmund
D:5:      layout_loops_ring, old_standard_altar, lemuel_round_altar,
          minmay_temple_entry_sparse_star, basic_altar,
          corexii_item_surrounded_by_moat, ashenzari_altar_1

Skill      XL: |  1  2  3  4  5  6 |
---------------+-------------------+-----
Transmutations | 2 3 4 |  4.0
Stealth        | 4 5 |  5.8
Poison Magic   | 4 5 |  5.4
Dodging        | 4 5 |  5.3
Air Magic      | 2 |  2.9
Spellcasting   | |  2.6

Action                   |  1- 3 |  4- 6 |  7- 9 || total
-------------------------+-------+-------+-------++-------
Melee: Dagger            |    90 |   127 |    28 ||   245
       Unarmed           |     3 |       |       ||     3
 Cast: Sting             |     7 |       |       ||     7
       Poisonous Vapours |       |    17 |     3 ||    20
       Ignite Poison     |       |     1 |       ||     1
  Use: Scroll            |     7 |     4 |       ||    11
 Stab: Sleeping          |    10 |     6 |     1 ||    17
Armor: Robe              |     3 |    15 |       ||    18
Dodge: Dodged            |    73 |   117 |    20 ||   210

Table legend:
 A = Non-vault XP
 B = Vault XP
 C = Vault XP percentage of total XP
 D = Non-vault monster count
 E = Vault monster count
 F = Vault count percentage of total count
                 A         B        C        D         E       F
            +---------+---------+-------+---------+---------+-------
      Total |     706 |     220 |  23.8 |      92 |       1 |   1.1
            +---------+---------+-------+---------+---------+-------
        D:1 |      48 |       0 |   0.0 |      30 |       0 |   0.0
        D:2 |      51 |       0 |   0.0 |      11 |       0 |   0.0
        D:3 |     205 |       0 |   0.0 |      34 |       0 |   0.0
        D:4 |     359 |     220 |  38.0 |      14 |       1 |   6.7
        D:5 |      43 |       0 |   0.0 |       3 |       0 |   0.0
            +---------+---------+-------+---------+---------+-------
